 Dungeon Crawl Stone Soup version 0.24-a0-434-gd57e52fea8 (webtiles) character file.

Game seed: 2578240618388377318

73 Amnesiac the Digger (level 4, -1/30 HPs)
             Began as a Mummy Earth Elementalist on June 16, 2019.
             Slain by a worker ant (7 damage)
             ... on level 3 of the Dungeon.
             The game lasted 00:04:25 (2317 turns).

Amnesiac the Digger (Mummy Earth Elementalist)      Turns: 2317, Time: 00:04:26

Health: -1/30      AC:  3    Str: 11    XL:     4   Next: 8%
Magic:  2/8        EV: 12    Int: 15    God:
Gold:   80         SH:  0    Dex: 12    Spells: 3/9 levels left

rFire    . . .     SeeInvis .   f - +2 short sword (flame)
rCold    + + .     Gourm    .   (no shield)
rNeg     + + +     Faith    .   c - +0 robe
rPois    ∞         Spirit   .   (no helmet)
rElec    .         Reflect  .   (no cloak)
rCorr    .         Harm     .   a - +0 pair of gloves
MR       .....                  (no boots)
Stlth    ++........             (no amulet)
HPRegen  0.10/turn              i - ring of protection from cold
MPRegen  0.11/turn              l - ring of protection from fire

@: no status effects
A: no food or potions, fire vulnerability, cold resistance 1, negative energy
resistance 3, torment resistance, unbreathing
a: no special abilities


You were on level 3 of the Dungeon.
You were not hungry.

You visited 1 branch of the dungeon, and saw 3 of its levels.

You collected 80 gold pieces.

Inventory:

Hand Weapons
 f - a +2 short sword of flaming (weapon)
Missiles
 b - 23 stones (quivered)
 g - 22 poisoned darts
Armour
 a - a +0 pair of gloves (worn)
 c - a +0 robe (worn)
Jewellery
 i - a ring of protection from cold (left hand)
 l - a ring of protection from fire (right hand)
Scrolls
 h - a scroll of magic mapping {!r}
 k - a scroll of blinking {!r}


   Skills:
 - Level 1.5 Dodging
 - Level 1.5 Stealth
 - Level 3.0 Spellcasting
 + Level 1.6 Conjurations
 - Level 0.7 Transmutations
 - Level 3.4 Earth Magic


You had 3 spell levels left.
You knew the following spells:

 Your Spells              Type           Power        Failure   Level  Hunger
a - Sandblast             Erth           ##....       4%          1    N/A
b - Stone Arrow           Conj/Erth      #.....       22%         3    N/A
c - Passwall              Tmut/Erth      #.......     13%         2    N/A

Your spell library contained the following spells:

 Spells                   Type           Power        Failure   Level  Hunger
 Magic Dart               Conj           #...         11%         1    N/A
 Searing Ray              Conj           #.....       16%         2    N/A
 Dazzling Spray           Conj/Hex       #.....       38%         3    N/A
 Petrify                  Tmut/Erth      #.......     63%         4    N/A
 Iskenderun's Mystic Bla  Conj           #.......     71%         4    N/A
 Force Lance              Conj/Tloc      #.......     80%         4    N/A
 Fulminant Prism          Conj/Hex       #.........   80%         4    N/A
 Lee's Rapid Deconstruct  Erth           ##........   80%         5    N/A

Dungeon Overview and Level Annotations

Branches:
Dungeon (3/15)

Altars:

Annotations:
D:2 Robin
D:3 exclusion: upstairs, Ijyb


Innate Abilities, Weirdness & Mutations

You do not eat or drink.
Your flesh is vulnerable to fire.
You are immune to poison.
Your flesh is cold resistant. (rC+)
You are immune to negative energy. (rN+++)
You are immune to unholy pain and torment.
You can survive without breathing.


Message History

You start resting.
The worker ant is too close now for your liking.
A worker ant is nearby!
The worker ant twitches its antennae in your direction.
The worker ant bites you.
* * * LOW HITPOINT WARNING * * *
Casting: Sandblast (safe; 4% risk of failure)
Confirm with . or Enter, or press ? or * to list all spells.
Aiming: Sandblast (safe; 4% risk of failure)
Press: ? - help, Shift-Dir - straight line, f - worker ant
Aim: a worker ant (lightly wounded)
The blast of sand hits the worker ant.
The worker ant is moderately wounded.
b - 28 stones The worker ant misses you.
The worker ant bites you.
* * * LOW HITPOINT WARNING * * *
Casting: Sandblast (safe; 4% risk of failure)
Confirm with . or Enter, or press ? or * to list all spells.
Aiming: Sandblast (safe; 4% risk of failure)
Press: ? - help, Shift-Dir - straight line, f/p - worker ant
Aim: a worker ant (moderately wounded)
The blast of sand hits the worker ant.
The worker ant is heavily wounded.
b - 27 stones The worker ant barely misses you.
Casting: Sandblast (safe; 4% risk of failure)
Confirm with . or Enter, or press ? or * to list all spells.
Aiming: Sandblast (safe; 4% risk of failure)
Press: ? - help, Shift-Dir - straight line, f/p - worker ant
Aim: a worker ant (heavily wounded)
The blast of sand hits the worker ant but does no damage.
The worker ant is heavily wounded.
b - 26 stones The worker ant bites you.
* * * LOW HITPOINT WARNING * * *
Casting: Sandblast (safe; 4% risk of failure)
Confirm with . or Enter, or press ? or * to list all spells.
Aiming: Sandblast (safe; 4% risk of failure)
Press: ? - help, Shift-Dir - straight line, f/p - worker ant
Aim: a worker ant (heavily wounded)
The blast of sand hits the worker ant but does no damage.
The worker ant is heavily wounded.
b - 25 stones The worker ant closely misses you.
Casting: Sandblast (safe; 4% risk of failure)
Confirm with . or Enter, or press ? or * to list all spells.
Aiming: Sandblast (safe; 4% risk of failure)
Press: ? - help, Shift-Dir - straight line, f/p - worker ant
Aim: a worker ant (heavily wounded)
The blast of sand hits the worker ant.
The worker ant is heavily wounded.
b - 24 stones The worker ant bites you.
* * * LOW HITPOINT WARNING * * *
Casting: Sandblast (safe; 4% risk of failure)
Confirm with . or Enter, or press ? or * to list all spells.
Aiming: Sandblast (safe; 4% risk of failure)
Press: ? - help, Shift-Dir - straight line, f/p - worker ant
Aim: a worker ant (heavily wounded)
The blast of sand hits the worker ant but does no damage.
The worker ant is heavily wounded.
b - 23 stones The worker ant bites you!
You die...

#.#.####......####
#.#.#####........# .# #..
#.#.....#....#.#.###.. #.. g
#..####..............# #.. ..
.....#.........#.###.# ..# ...
###.....#..###.......# ..#.>..
#a##..<...##.###...#####.#.....
###............###....##......#
........##.##...@a............##
#...#.#a##.###..##....#..........
..###.#..#.# ##.###..)...........
.# #.##.#.# #.# #..............
#.##.#.####.###.#..#.$.......
#.##g#.##.......#)......####.
#.##.#.!..##.##...#......#
#.#....!####.##..##......#
#.......?# [##.##.........


You could see a worker ant.

Vanquished Creatures
  3 adders
  A shadow imp (D:3)
  A dart slug (D:1)
  A giant cockroach (D:1)
  7 goblins
  3 hobgoblins
  A jackal (D:2)
  A quokka (D:3)
  6 bats
  5 frilled lizards
  6 kobolds
  3 rats (D:1)
38 creatures vanquished.

Notes
Turn   | Place    | Note
-------+----------+-------------------------------------------
     0 | D:1      | Amnesiac the Mummy Earth Elementalist began the quest for
                  | the Orb.
     0 | D:1      | Reached XP level 1. HP: 13/13 MP: 4/4
   503 | D:1      | Reached XP level 2. HP: 17/19 MP: 1/6
  1660 | D:2      | Reached XP level 3. HP: 24/24 MP: 7/7
  1665 | D:2      | Learned a level 3 spell: Stone Arrow
  1961 | D:3      | Reached skill level 1 in Conjurations
  2082 | D:3      | Learned a level 2 spell: Passwall
  2133 | D:2      | Noticed Robin
  2187 | D:3      | Reached XP level 4. HP: 20/30 MP: 3/8
  2204 | D:3      | Noticed Ijyb
  2317 | D:3      | Slain by a worker ant

Levels and vault maps discovered:
D:1:      nzn_arrival_crosshair, layout_loops_ring
D:2:      layout_loops_corners, nicolae_overflow_hidden_temple, first_ration,
          hangedman_decor_push, minmay_misc_feat_nine_boxes,
          roderic_roman_lattice, minmay_misc_feat_cross, uniq_robin
D:3:      layout_rooms, uniq_ijyb

Skill      XL: |  1  2  3 |
---------------+----------+-----
Spellcasting   | 3 |  3.0
Earth Magic    | 3 |  3.4
Conjurations   | 1 |  1.6
Dodging        | |  1.5
Stealth        | |  1.5
Transmutations | |  0.7

Action                   |  1- 3 |  4- 6 || total
-------------------------+-------+-------++-------
Melee: Dagger            |    13 |       ||    13
       Unarmed           |    52 |       ||    52
       Short sword       |    35 |     2 ||    37
 Cast: Sandblast         |    18 |    10 ||    28
  Use: Scroll            |     2 |     3 ||     5
 Stab: Sleeping          |     4 |       ||     4
Armor: Robe              |    16 |     3 ||    19
Dodge: Dodged            |    84 |     3 ||    87

Table legend:
 A = Non-vault XP
 B = Vault XP
 C = Vault XP percentage of total XP
 D = Non-vault monster count
 E = Vault monster count
 F = Vault count percentage of total count
                 A         B        C        D         E       F
            +---------+---------+-------+---------+---------+-------
      Total |     105 |       0 |   0.0 |      38 |       0 |   0.0
            +---------+---------+-------+---------+---------+-------
        D:1 |      38 |       0 |   0.0 |      25 |       0 |   0.0
        D:2 |      34 |       0 |   0.0 |       6 |       0 |   0.0
        D:3 |      33 |       0 |   0.0 |       7 |       0 |   0.0
            +---------+---------+-------+---------+---------+-------
